 Dungeon Crawl Stone Soup version 0.26.1-11-gd32895ea62 (webtiles) character file.

Game seed: 11614848562125259224

160 Kukuleta the Magician (level 5, -3/34 HPs)
             Began as an Octopode Transmuter on June 22, 2021.
             Slain by an iguana (10 damage)
             ... on level 3 of the Dungeon.
             The game lasted 00:20:58 (3234 turns).

Kukuleta the Magician (Octopode Transmuter)         Turns: 3234, Time: 00:20:59

Health: -3/34      AC:  1    Str: 10    XL:     5   Next: 41%
Magic:  10/11      EV: 14    Int: 15    God:
Gold:   87         SH:  0    Dex: 13    Spells: 9/12 levels left

rFire    . . .     SeeInvis .     - Unarmed
rCold    . . .     Faith    .   (no shield)
rNeg     . . .     Spirit   .   (helmet restricted)
rPois    .         Reflect  .   (no amulet)
rElec    .         Harm     .   (no ring)
rCorr    .         Rampage  .   (no ring)
Will     .....                  (no ring)
Stlth    ++........             (no ring)
HPRegen  0.11/turn              (no ring)
MPRegen  0.12/turn              (no ring)
                                (no ring)
                                (no ring)

@: very slightly contaminated
A: almost no armour, stealthy swim, amphibious, 8 rings, constrict 8, camouflage
1, gelatinous body 1
a: no special abilities


You were on level 3 of the Dungeon.
You visited 1 branch of the dungeon, and saw 3 of its levels.

You collected 87 gold pieces.

Inventory:

Armour
 j - a +0 robe
Scrolls
 a - 5 scrolls of remove curse {unknown}
 b - 4 scrolls of identify {unknown}
 c - a scroll of random uselessness {unknown}
Potions
 d - a potion of cancellation {unknown}
 e - a potion of lignification {unknown}
 f - a potion of brilliance {unknown}
 g - 2 potions of curing {unknown}
 h - a potion of flight {unknown}
 i - a potion of ambrosia {unknown}


   Skills:
 + Level 2.1 Fighting
 + Level 2.6 Dodging
 + Level 3.5 Unarmed Combat
 - Level 4.0 Spellcasting
 + Level 2.0 Transmutations


You had 9 spell levels left.
You knew the following spells:

 Your Spells              Type           Power        Failure   Level
a - Beastly Appendage     Tmut           18%          8%          1
b - Wereblood             Tmut           9%           12%         2

Your spell library contained the following spells:

 Spells                   Type           Power        Failure   Level
 Spider Form              Tmut/Pois      3%           34%         3
 Ice Form                 Ice/Tmut       6%           75%         4
 Blade Hands              Tmut           4%           91%         5


Dungeon Overview and Level Annotations

Branches:
Dungeon (3/15)

Altars:
Xom


Innate Abilities, Weirdness & Mutations

You cannot wear most types of armour.
You are very stealthy in the water. (Stealth+)
You are amphibious.
You can wear up to eight rings at the same time.
You can use your tentacles to constrict eight enemies at once.
Your skin changes colour to match your surroundings (Stealth+).
Your rubbery body absorbs attacks. (AC +1, EV +1)


Message History

You are very lightly contaminated with residual magic.
Nothing appears to happen.
You barely miss the iguana. You grab the iguana.
You constrict the iguana, but do no damage.
The iguana completely misses you.
You tentacle-slap the iguana but do no damage.
You constrict the iguana. The iguana closely misses you.
You tentacle-slap the iguana but do no damage.
The iguana is lightly wounded.
You constrict the iguana. The iguana bites you!
* * * LOW HITPOINT WARNING * * *
You tentacle-slap the iguana but do no damage.
You squeeze the iguana, but do no damage.
The iguana is lightly wounded.
You constrict the iguana. The iguana barely misses you.
You tentacle-slap the iguana.
The iguana is heavily wounded.
You constrict the iguana, but do no damage.
The iguana bites you!
You die...

###########
#.........#
#.........#
####........รท#
#####............#
.................#
.#####.#.......l@#
##.....###########
##.##### .>$# .###
## # #####


You could see an iguana.

Vanquished Creatures
  Robin (D:2)
  5 gnolls
  3 adders
  A worm (D:2)
  2 dart slugs
  A leopard gecko (D:3)
  An orc (D:3)
  3 giant cockroaches (D:1)
  12 hobgoblins
  4 jackals (D:2)
  4 kobolds
  A ball python (D:1)
  4 bats
  6 frilled lizards
  11 goblins
  10 rats
69 creatures vanquished.

Notes
Turn   | Place    | Note
-------+----------+-------------------------------------------
     0 | D:1      | Kukuleta the Octopode Transmuter began the quest for the
                  | Orb.
     0 | D:1      | Reached XP level 1. HP: 13/13 MP: 3/3
   468 | D:1      | Reached XP level 2. HP: 18/18 MP: 5/5
   563 | D:1      | Reached skill level 3 in Spellcasting
   957 | D:1      | Reached XP level 3. HP: 22/23 MP: 7/7
  1480 | D:2      | Learned a level 2 spell: Wereblood
  1518 | D:2      | Noticed Robin
  1530 | D:2      | Killed Robin
  1531 | D:2      | Reached XP level 4. HP: 9/28 MP: 6/9
  2290 | D:2      | Found a shimmering altar of Xom.
  2298 | D:2      | Found a shimmering altar of Xom.
  2298 | D:2      | Found a shimmering altar of Xom.
  2298 | D:2      | Found a shimmering altar of Xom.
  2299 | D:2      | Found a shimmering altar of Xom.
  3039 | D:3      | Reached XP level 5. HP: 34/34 MP: 8/10
  3121 | D:3      | Reached skill level 4 in Spellcasting
  3234 | D:3      | Slain by an iguana

Illustrated notes

Levels and vault maps discovered:
D:1:      wander_arrival_desolate, layout_basic
D:2:      layout_basic, grunt_decor_fettered, xom_redecorated, uniq_robin
D:3:      layout_rooms

Skill      XL: |  1  2  3  4  5 |
---------------+----------------+-----
Spellcasting   | 3 4 |  4.0
Fighting       | 2 |  2.1
Dodging        | |  2.6
Unarmed Combat | |  3.5
Transmutations | |  2.0

Action                   |  1- 3 |  4- 6 || total
-------------------------+-------+-------++-------
Melee: Unarmed           |    71 |    88 ||   159
       Constrict         |    24 |    24 ||    48
       Tentacles         |    12 |    16 ||    28
       Kick              |    10 |    10 ||    20
       Punch             |     1 |     3 ||     4
 Cast: Beastly Appendage |     6 |     6 ||    12
       Wereblood         |     1 |     2 ||     3
 Stab: Sleeping          |     1 |       ||     1
       Distracted        |       |     1 ||     1
Armor: Skin              |     3 |     8 ||    11
Dodge: Dodged            |    36 |    44 ||    80
